Map: King's Cove LE

Players

GOStephano (Stephano) - Winner!

  • Race: Zerg Zerg
  • League: Grandmaster
  • Spawn Location: 11:00

Kas

  • Race: Terran Terran
  • League: Master
  • Spawn Location: 5:00

Event: HomeStory Cup XIX

VOD

Have the link to the VOD?

Description

Time

  • Played on: June 28, 2019, 11:07 a.m.
  • Length: 17:07

All games in this series

Show
View Real Time Build Order
Export as new Build Order

GOStephano Zerg - Winner!

Build Orders: Hatch First 

Get SALT Encoding   

  12  0:00  Drone  
  13  0:12  Overlord  
  13  0:17  Drone  
  14  0:30  Drone x2  
  16  0:49  Hatchery  
  15  0:52  Drone  
  15  0:56  Drone  
  17  0:59  Drone  
  18  1:11  Extractor  
  17  1:15  Spawning Pool  
  17  1:18  Drone  
  17  1:21  Drone  
  18  1:28  Drone  
  19  1:38  Drone  
  20  1:49  Drone  
  21  2:02  Zergling x2, Queen x2  
  27  2:15  Zergling x2, Hatchery  
  26  2:20  Overlord  
  26  2:24  Drone  
  26  2:26  Drone  
  28  2:40  Queen  
  28  2:41  Drone x2  
  32  2:48  Drone x2  
  32  2:50  Extractor  
  33  2:54  Metabolic Boost  
  33  2:58  Overlord  
  34  3:00  Drone  
  34  3:05  Drone  
  36  3:07  Spore Crawler  
  36  3:08  Drone  
  37  3:15  Overlord  
  37  3:17  Drone x3  
  40  3:21  Queen  
  40  3:25  Overlord  
  42  3:30  Drone x2  
  44  3:37  Overlord  
  44  3:38  Drone x2  
  46  3:43  Queen  
  46  3:44  Drone  
  46  3:47  Drone  
  50  3:50  Drone x2  
  50  3:51  Zergling x2  
  50  3:53  Zergling x2  
  54  3:56  Overlord  
  54  4:00  Queen  
  56  4:07  Zergling x4  
  56  4:08  Zergling x2  
  59  4:13  Drone x4  
  59  4:17  Overlord  
  63  4:19  Drone x2  
  63  4:22  Evolution Chamber  
  65  4:25  Drone x3  
  65  4:30  Spore Crawler  
  67  4:32  Spore Crawler  
  67  4:33  Overlord  
  67  4:37  Drone  
  67  4:42  Overlord  
  67  4:43  Evolution Chamber x2  
  65  4:47  Drone x2  
  65  4:50  Drone x3  
  70  4:56  Queen  
  70  4:57  Drone  
  70  4:58  Drone x2  
  73  5:01  Drone x4  
  73  5:03  Extractor x2  
  75  5:14  Zerg Ground Armor Level 1, Zerg Melee Weapons Level 1  
  75  5:15  Zergling x10  
  79  5:25  Drone  
  79  5:27  Zergling x8  
  84  5:33  Drone x2  
  84  5:34  Hatchery  
  85  5:35  Overlord  
  85  5:41  Drone  
  85  5:42  Drone x3  
  89  5:44  Drone x3  
  89  5:49  Overlord  
  92  5:50  Overlord  
  92  5:56  Lair  
  92  6:03  Drone x6  
  98  6:04  Extractor  
  98  6:05  Extractor  
  98  6:09  Baneling Nest  
  95  6:30  Extractor  
  94  6:42  Zergling x2  
  94  6:43  Zergling x34  
  112  6:49  Drone  
  113  6:55  Centrifical Hooks  
  113  6:56  Infestation Pit, Baneling x2  
  113  6:57  Baneling x3  
  112  7:01  Baneling x3  
  112  7:02  Baneling, Drone x2, Extractor  
  112  7:03  Drone x2  
  112  7:04  Drone x5  
  112  7:05  Baneling x4, Extractor  
  112  7:06  Baneling  
  119  7:11  Zerg Melee Weapons Level 2  
  119  7:12  Zerg Missile Weapons Level 1  
  119  7:15  Drone x5  
  124  7:29  Zergling x24  
  110  7:43  Zergling x16  
  118  7:45  Neural Parasite  
  118  7:46  Infestor x2  
  122  7:53  Spore Crawler  
  122  7:54  Queen x2, Spore Crawler  
  122  7:56  Infestor x2  
  128  7:59  Overlord  
  128  8:00  Overlord x2  
  128  8:03  Overlord  
  124  8:15  Zergling x22  
  124  8:21  Zergling x16  
  124  8:25  Baneling x3  
  124  8:26  Baneling x10  
  129  8:28  Infestor x2  
  133  8:42  Hatchery  
  133  8:48  Zergling x26  
  140  8:59  Zergling x6  
  140  9:00  Zergling x12  
  149  9:04  Pathogen Glands  
  139  9:13  Zergling x16  
  139  9:15  Hive  
  135  9:22  Zerg Missile Weapons Level 2  
  135  9:25  Drone x5  
  135  9:29  Pneumatized Carapace, Burrow  
  140  9:36  Hatchery  
  140  9:38  Infestor x4  
  139  9:41  Baneling x5  
  147  9:45  Overlord  
  147  9:51  Infestor x3  
  153  9:53  Overlord x2  
  153  9:58  Drone x5  
  153  9:59  Drone  
  159  10:11  Drone x6  
  164  10:21  Drone x3  
  167  10:22  Extractor  
  167  10:26  Extractor  
  163  10:33  Overlord  
  157  10:41  Infestor x7  
  171  10:46  Overlord  
  171  10:55  Zerg Melee Weapons Level 3  
  171  10:59  Baneling x12  
  171  11:00  Baneling  
  171  11:03  Zergling x36  
  171  11:04  Zergling x14  
  196  11:06  Infestor x19  
  196  11:12  Spine Crawler  
  196  11:13  Spine Crawler x2  
  196  11:17  Hatchery  
  192  11:31  Zergling x10  
  193  11:44  Zergling x26  
  193  11:47  Baneling x11  
  196  11:50  Infestor x19  
  196  12:02  Zerg Missile Weapons Level 3  
  196  12:09  Extractor  
  196  12:13  Spine Crawler  
  196  12:14  Extractor  
  186  12:21  Infestor x13  
  185  12:23  Infestor  
  185  12:24  Infestor  
  185  12:25  Infestor  
  163  12:32  Zergling x64  
  182  12:49  Infestor  
  182  12:50  Infestor x7  
  192  13:02  Zergling x18  
  197  13:08  Baneling x12  
  191  13:21  Baneling x6, Zergling x16  
  199  13:30  Spire x2  
  199  13:31  Zerg Ground Armor Level 2  
  197  13:35  Drone x2  
  197  13:38  Spore Crawler  
  198  13:42  Spore Crawler  
  198  13:46  Extractor  
  195  13:48  Spine Crawler  
  195  13:49  Drone  
  195  13:50  Drone x2, Extractor, Spine Crawler x2  
  164  14:04  Zergling x2  
  164  14:05  Zergling x50  
  182  14:11  Spore Crawler x2  
  182  14:12  Drone  
  182  14:13  Drone  
  182  14:14  Drone  
  182  14:18  Drone x2  
  182  14:23  Baneling x7  
  182  14:40  Drone  
  182  14:41  Drone x2  
  182  14:44  Drone x11  
  193  15:04  Infestor x3  
  188  15:25  Zergling x12  
  188  15:26  Zergling x6  
  191  15:31  Infestor x21  
  191  15:34  Infestor x5  
  199  15:49  Overlord  
  197  15:54  Overlord  
  197  15:56  Baneling  
  182  15:57  Baneling x10  
  181  16:05  Infestor x27  
  181  16:08  Zergling x38  
  190  16:31  Zergling x24  
  198  16:37  Baneling x10  
  198  16:42  Baneling x14  
Show
View Real Time Build Order
Export as new Build Order

Kas Terran 

Build Orders: Gas First Reaper Expand, Liberator Opening 

Get SALT Encoding   

  12  0:00  SCV  
  13  0:12  SCV  
  14  0:18  Supply Depot  
  14  0:24  SCV  
  15  0:31  Refinery  
  15  0:39  SCV  
  16  0:45  Barracks  
  16  0:51  SCV  
  17  1:04  SCV  
  18  1:16  SCV  
  19  1:33  Orbital Command, Reaper  
  20  1:45  Command Center  
  20  1:57  Factory  
  21  2:01  SCV  
  21  2:09  Barracks Reactor  
  21  2:14  SCV  
  22  2:16  Supply Depot  
  22  2:21  Refinery  
  22  2:26  SCV  
  23  2:40  SCV  
  24  2:50  Starport  
  24  2:52  SCV  
  24  2:53  Hellion x2  
  29  3:00  Orbital Command  
  29  3:05  SCV  
  29  3:10  Liberator  
  30  3:19  Hellion x2  
  34  3:20  SCV  
  34  3:25  SCV  
  36  3:32  Marine  
  40  3:35  Supply Depot  
  40  3:36  SCV  
  40  3:40  SCV  
  42  3:48  Hellion x2  
  46  3:53  Liberator  
  46  3:56  SCV x2  
  46  3:59  Supply Depot  
  48  4:08  SCV x2  
  53  4:20  SCV x2  
  53  4:23  Supply Depot  
  55  4:31  Command Center  
  55  4:33  SCV x2  
  57  4:43  Hellion x2  
  57  4:45  SCV x2  
  63  4:47  Refinery x2  
  63  4:57  SCV x2  
  62  5:04  Hellion  
  62  5:06  Factory  
  64  5:07  Factory  
  64  5:09  SCV  
  64  5:10  SCV  
  64  5:12  Hellion  
  68  5:15  Armory  
  69  5:21  SCV  
  69  5:22  SCV  
  70  5:29  Factory  
  70  5:30  Factory  
  70  5:42  SCV  
  75  5:43  Orbital Command, Supply Depot, Hellion x2  
  75  5:44  SCV  
  75  5:46  Supply Depot  
  76  5:54  Factory Tech Lab x2, SCV  
  76  5:56  SCV  
  78  6:02  Terran Vehicle And Ship Armor Level 1  
  75  6:06  SCV, Hellion x2  
  75  6:09  SCV  
  81  6:11  Orbital Command  
  81  6:13  Factory Tech Lab, Factory Reactor  
  81  6:14  Cyclone  
  84  6:19  SCV, Cyclone  
  84  6:22  SCV  
  84  6:23  Supply Depot  
  84  6:24  Supply Depot  
  89  6:28  Infernal Pre-Igniter  
  89  6:33  SCV  
  89  6:34  SCV  
  91  6:42  SCV  
  91  6:45  SCV, Cyclone  
  98  6:47  Hellion x2  
  98  6:49  SCV  
  98  6:51  Supply Depot  
  101  6:54  SCV  
  101  6:59  Supply Depot  
  102  7:02  SCV  
  102  7:03  Cyclone x2  
  102  7:05  SCV  
  102  7:06  Supply Depot  
  102  7:07  Supply Depot  
  110  7:09  SCV  
  110  7:14  SCV  
  112  7:17  SCV  
  112  7:18  Command Center  
  112  7:22  SCV  
  104  7:37  Supply Depot  
  104  7:38  Refinery, SCV x2  
  104  7:40  Supply Depot  
  104  7:41  Refinery  
  104  7:42  SCV  
  104  7:43  Starport Reactor, Cyclone x3  
  116  7:46  Starport, Fusion Core  
  116  7:49  Hellion x2  
  120  8:00  SCV  
  120  8:01  SCV  
  120  8:02  SCV  
  123  8:10  Factory  
  123  8:11  Factory  
  123  8:12  SCV  
  123  8:13  SCV, Factory  
  123  8:18  Cyclone x2  
  118  8:24  Hellion x2  
  118  8:25  Hellion x2  
  118  8:26  Starport Tech Lab  
  120  8:34  Terran Vehicle And Ship Armor Level 2  
  120  8:36  SCV x2  
  120  8:37  SCV  
  123  8:48  SCV  
  123  8:49  SCV x2  
  123  8:53  Hellion x2  
  123  8:54  Hellion x2  
  126  8:56  Liberator x2  
  126  9:00  SCV  
  126  9:01  SCV x3  
  128  9:02  Refinery  
  128  9:08  Engineering Bay  
  128  9:09  Factory Tech Lab x2, Factory Reactor, Advanced Ballistics  
  122  9:10  Liberator  
  122  9:12  Hellion x2  
  122  9:13  Hellion  
  110  9:19  SCV  
  110  9:21  Refinery  
  110  9:23  Hellion x3  
  110  9:24  Hellion  
  119  9:29  SCV x2  
  125  9:35  SCV  
  125  9:36  Planetary Fortress  
  125  9:38  Cyclone  
  125  9:39  Cyclone  
  125  9:42  Liberator  
  133  9:46  Liberator  
  133  9:47  Hellion x4  
  133  9:52  Command Center  
  139  9:57  Liberator, Cyclone x2  
  151  10:15  Sensor Tower  
  151  10:17  Hellion x2  
  151  10:20  Hellion x2  
  162  10:25  Hellion x2  
  166  10:34  Smart Servos  
  158  10:36  Cyclone x3  
  158  10:38  Liberator x2  
  158  10:41  Hellion x2  
  171  10:44  Command Center  
  171  10:46  Command Center  
  171  10:48  Liberator  
  171  10:50  Terran Vehicle Weapons Level 1  
  171  10:52  Armory  
  180  11:20  Command Center  
  180  11:21  Liberator x2  
  180  11:22  Command Center  
  180  11:23  Refinery, Command Center  
  180  11:27  Refinery  
  180  11:31  Liberator  
  176  11:34  Planetary Fortress  
  185  11:40  Cyclone x2  
  185  11:42  Refinery  
  188  11:48  Command Center  
  188  11:49  Command Center  
  191  12:01  Starport  
  191  12:03  Liberator  
  191  12:04  Liberator  
  191  12:07  Orbital Command x2  
  191  12:13  Terran Vehicle And Ship Armor Level 3  
  191  12:14  Liberator  
  193  12:23  Cyclone x2  
  196  12:31  Hellion  
  196  12:32  Hellion  
  196  12:36  Orbital Command  
  189  12:37  Orbital Command  
  189  12:39  SCV x2  
  187  12:48  SCV  
  185  12:54  Cyclone x3  
  185  12:55  Hellion x3  
  188  13:08  Cyclone x2  
  188  13:09  Liberator x2, Hellion x2  
  198  13:13  Medivac  
  198  13:17  Orbital Command  
  198  13:18  Sensor Tower  
  195  13:22  Missile Turret  
  200  13:27  Starport Reactor, Supply Depot  
  200  13:28  Terran Vehicle Weapons Level 2  
  200  13:50  Liberator  
  200  13:51  Liberator x3, Hellion x9  
  200  13:52  Liberator  
  160  14:09  Command Center, Cyclone x4  
  181  14:10  Hellion x4  
  181  14:11  Hellion x3  
  181  14:16  Missile Turret  
  190  14:31  Hellion x2  
  190  14:32  Cyclone  
  194  14:41  Cyclone  
  194  14:42  Supply Depot  
  182  14:47  Liberator  
  182  14:48  Cyclone x2  
  182  14:49  Hellion  
  182  14:50  SCV  
  182  14:51  SCV x2  
  189  15:02  SCV  
  189  15:03  SCV  
  189  15:06  Command Center  
  194  15:14  SCV  
  190  15:23  Planetary Fortress  
  190  15:26  Orbital Command  
  161  15:29  Hellion x5  
  135  15:35  Orbital Command  
  135  15:37  SCV x2  
  135  15:38  SCV  
  108  15:44  SCV x2  
  108  15:47  SCV  
  108  15:49  SCV  
  110  15:50  SCV x2, Hellion x3  
  110  15:51  Hellion  
  110  15:56  SCV x2  
  110  15:57  SCV  
  118  16:00  SCV  
  118  16:01  SCV  
  118  16:02  SCV x2  
  122  16:06  SCV  
  122  16:08  SCV x2  
  122  16:09  SCV  
  126  16:11  SCV  
  126  16:12  SCV  
  126  16:14  SCV  
  129  16:18  SCV  
  129  16:21  SCV  
  129  16:23  SCV  
  129  16:30  SCV, Cyclone x4  
  139  16:33  SCV x3  
  139  16:35  SCV  
  134  16:43  SCV  
  134  16:44  SCV  
  131  16:47  SCV x2  
  131  16:48  SCV  
  131  16:53  Refinery  
Tags
 
Add a new tag
Caveats
  • Supply blocks, unpowered buildings, or Contaminate may cause inaccurate times.
  • Supply counts are checked every 10 seconds.